Map: Abyssal Reef LE

Players

LaFantome

  • Race: Zerg Zerg
  • Spawn Location: 5:00

Boltz - Winner!

  • Race: Terran Terran
  • League: Diamond
  • Spawn Location: 11:00

VOD

Have the link to the VOD?

Description

Time

  • Played on: Dec. 21, 2017, 9:58 a.m.
  • Length: 14:14
Show
View Real Time Build Order
Export as new Build Order

LaFantome Zerg 

Build Orders: Hatch First 

Get SALT Encoding   

  12  0:02  Drone  
  13  0:13  Overlord  
  13  0:17  Drone  
  14  0:32  Drone x2  
  14  0:35  Drone  
  17  0:54  Hatchery  
  16  0:57  Drone  
  16  1:00  Drone  
  18  1:11  Extractor  
  17  1:17  Spawning Pool  
  16  1:19  Drone  
  16  1:22  Drone  
  18  1:29  Drone  
  19  1:39  Overlord  
  19  1:57  Drone  
  20  2:04  Zergling x2  
  20  2:06  Queen  
  20  2:07  Zergling x2, Queen  
  26  2:12  Drone  
  27  2:17  Metabolic Boost  
  27  2:37  Drone x3  
  27  2:38  Overlord  
  27  2:41  Drone  
  31  2:47  Queen  
  31  2:50  Queen  
  35  3:09  Hatchery  
  35  3:11  Drone x2  
  35  3:12  Drone  
  37  3:14  Drone  
  39  3:20  Drone x2  
  40  3:32  Overlord x2  
  40  3:41  Zergling x2  
  40  3:42  Zergling x6  
  42  4:17  Drone x6  
  42  4:22  Extractor  
  42  4:23  Extractor, Evolution Chamber  
  45  4:26  Roach Warren  
  45  4:27  Evolution Chamber  
  43  4:36  Drone x2  
  43  4:37  Drone  
  46  4:55  Drone x4  
  46  4:58  Hatchery  
  46  5:05  Zerg Missile Weapons Level 1  
  45  5:19  Drone  
  45  5:20  Drone x7  
  51  5:29  Zergling x2  
  48  5:41  Roach  
  48  5:42  Roach x5  
  60  5:45  Overlord x2, Zerg Ground Armor Level 1  
  60  5:48  Extractor  
  58  6:18  Queen  
  58  6:19  Queen  
  58  6:23  Drone  
  58  6:24  Drone x9  
  74  6:32  Lair  
  72  6:42  Roach x3  
  72  6:43  Roach  
  72  6:46  Overlord x3  
  72  6:47  Overlord x2  
  80  7:06  Drone x5  
  85  7:10  Zergling x2  
  85  7:15  Drone x5  
  91  7:35  Hydralisk Den  
  91  7:36  Extractor  
  89  7:37  Extractor  
  88  7:50  Drone x3  
  91  7:52  Roach x10  
  91  7:55  Glial Reconstitution  
  91  7:56  Zerg Missile Weapons Level 2  
  91  7:57  Zerg Ground Armor Level 2  
  111  7:59  Overlord x2  
  111  8:10  Muscular Augments  
  111  8:11  Overlord x4  
  111  8:26  Hydralisk  
  111  8:27  Hydralisk x5  
  111  8:33  Hatchery  
  122  8:35  Hydralisk x5  
  122  8:38  Overseer  
  122  8:39  Overseer  
  132  8:43  Overlord x4  
  132  8:44  Queen x3  
  132  8:47  Roach x2  
  132  8:48  Roach x3  
  148  9:02  Hydralisk x6  
  160  9:12  Infestation Pit  
  159  9:39  Hydralisk x5  
  159  9:40  Hydralisk x8  
  185  9:48  Drone  
  185  9:49  Drone x6  
  185  9:52  Hive  
  187  10:12  Hydralisk x3  
  187  10:13  Hydralisk x4  
  169  10:22  Roach x3  
  115  10:44  Hydralisk x8  
  103  11:00  Roach  
  103  11:01  Roach x3  
  105  11:07  Spire  
  104  11:14  Roach  
  104  11:15  Roach x2  
  110  11:20  Roach x3  
  116  11:25  Ravager  
  116  11:26  Ravager x2  
  121  11:40  Roach x8  
  121  11:41  Hatchery, Extractor, Roach x4  
  121  11:42  Extractor  
  94  12:26  Roach x15  
  112  12:48  Roach x6  
  124  12:51  Ravager  
  124  12:52  Ravager x7  
  126  13:07  Corruptor  
  126  13:08  Corruptor x3  
  134  13:26  Corruptor x2  
Show
View Real Time Build Order
Export as new Build Order

Boltz Terran - Winner!

Build Orders: Hellion Opening, MMM Bio 

Get SALT Encoding   

  12  0:01  SCV  
  13  0:13  SCV  
  14  0:17  Supply Depot  
  14  0:25  SCV  
  15  0:39  SCV  
  15  0:40  Barracks  
  16  0:44  Refinery  
  16  0:51  SCV  
  17  1:03  SCV  
  18  1:15  SCV  
  19  1:27  Marine  
  19  1:29  Orbital Command  
  20  1:43  Command Center  
  20  1:47  Marine  
  21  1:56  Factory  
  21  1:59  SCV  
  22  2:06  Barracks Reactor  
  22  2:09  Supply Depot  
  22  2:15  SCV  
  23  2:30  SCV  
  24  2:43  SCV  
  25  2:52  Hellion x2  
  25  2:54  Armory  
  25  2:56  Orbital Command  
  25  2:57  SCV  
  30  2:59  Reaper  
  30  3:03  Refinery  
  31  3:10  SCV  
  32  3:13  Hellion  
  32  3:14  Hellion  
  36  3:22  SCV x2  
  38  3:29  Supply Depot  
  38  3:34  SCV  
  39  3:35  SCV  
  39  3:37  Hellion x2  
  44  3:46  SCV  
  44  3:47  SCV  
  46  3:52  Supply Depot  
  46  3:56  Hellion x4  
  46  3:58  SCV  
  46  3:59  SCV  
  48  4:21  Command Center  
  48  4:27  Supply Depot, SCV x2  
  50  4:37  Engineering Bay  
  50  4:39  Engineering Bay  
  50  4:41  Barracks Tech Lab, Starport  
  50  4:42  SCV  
  50  4:43  SCV  
  50  4:45  Factory Tech Lab, Barracks  
  52  4:55  SCV x2  
  52  5:05  Stimpack  
  52  5:06  Marine  
  53  5:07  SCV x2  
  53  5:08  Siege Tank  
  53  5:10  Refinery  
  53  5:12  Refinery  
  58  5:15  Hellion x5  
  58  5:19  SCV  
  58  5:20  SCV  
  59  5:32  SCV  
  58  5:37  Terran Infantry Armor Level 1  
  58  5:39  Terran Infantry Weapons Level 1  
  58  5:42  SCV  
  59  5:44  SCV  
  60  5:51  Barracks x2  
  60  5:52  Barracks x2  
  60  5:53  Barracks, Orbital Command  
  60  5:54  SCV  
  60  5:56  SCV  
  62  6:05  Marine x2  
  62  6:06  SCV, Marine  
  62  6:08  SCV  
  65  6:19  SCV  
  65  6:20  SCV x2  
  65  6:23  Marine  
  65  6:24  Terran Vehicle Weapons Level 1  
  69  6:25  Starport Reactor  
  69  6:31  SCV  
  69  6:32  SCV x2  
  72  6:36  Marauder, Marine  
  72  6:39  Barracks Tech Lab, Barracks Reactor  
  73  6:40  Barracks Reactor  
  73  6:41  Barracks Tech Lab  
  73  6:42  Barracks Reactor  
  73  6:43  SCV  
  73  6:44  SCV x2  
  76  6:47  Supply Depot  
  76  6:48  Supply Depot  
  76  6:49  Supply Depot  
  76  6:55  SCV  
  76  6:56  SCV x2  
  76  6:59  Marauder  
  76  7:00  Marauder x2  
  85  7:08  Medivac x2, Marine x2  
  85  7:09  SCV x2  
  85  7:10  Combat Shields  
  85  7:11  Concussive Shells  
  93  7:17  Supply Depot, SCV  
  93  7:18  Supply Depot  
  93  7:19  Supply Depot, Siege Tank  
  93  7:21  SCV  
  93  7:22  Marauder x2  
  103  7:23  Marine x3  
  103  7:26  Marine x2  
  108  7:30  Orbital Command  
  107  7:45  Supply Depot  
  107  7:46  Supply Depot  
  107  7:48  Supply Depot  
  107  7:52  SCV x2  
  109  8:01  Terran Infantry Armor Level 2, Terran Infantry Weapons Level 2, Refinery  
  109  8:02  Refinery  
  109  8:04  SCV  
  112  8:13  Marauder x3, Marine x5  
  112  8:14  Marine x3  
  124  8:21  Supply Depot x2  
  124  8:22  Terran Vehicle Weapons Level 2  
  124  8:24  SCV x3  
  127  8:31  Marine x6  
  127  8:32  Bunker  
  127  8:33  Supply Depot  
  133  8:35  Supply Depot  
  133  8:36  SCV x3  
  133  8:39  Supply Depot  
  136  8:43  Supply Depot  
  136  8:44  Marauder x3, Marine  
  136  8:48  SCV x3  
  146  8:58  Medivac x2  
  146  9:00  Marine x7  
  146  9:02  Marine  
  158  9:05  Marauder, Marine  
  158  9:06  Marauder  
  163  9:13  Siege Tank  
  166  9:17  Marine  
  166  9:18  Marine  
  166  9:24  Marauder  
  170  9:28  Medivac x2  
  174  9:40  Marauder x2, Marine  
  174  9:41  Marine x7  
  174  9:45  Marauder, Siege Tank  
  191  9:47  Command Center  
  191  9:58  Marine x2  
  191  9:59  Marine x3  
  196  10:01  Marauder  
  188  10:18  Siege Tank  
  188  10:19  Marauder x2, Marine x4  
  199  10:24  Terran Infantry Armor Level 3, Terran Infantry Weapons Level 3  
  185  10:37  Marauder, Marine x4  
  185  10:40  Marauder x2  
  178  10:45  Marine x2  
  178  10:46  Marine x2  
  169  10:54  Marine  
  169  10:55  Medivac, Marine x3, Siege Tank  
  169  10:56  Medivac  
  170  10:58  Marauder  
  170  11:02  Marauder x2  
  170  11:03  Marine  
  177  11:20  Marauder, Marine  
  177  11:21  Marine x7  
  177  11:23  Marauder x2  
  191  11:27  Siege Tank  
  191  11:30  Barracks  
  191  11:31  Barracks x2  
  194  11:33  Factory  
  194  11:38  Marine  
  194  11:39  Marine x3  
  198  11:41  Marauder  
  200  12:02  Planetary Fortress  
  172  12:18  Barracks Tech Lab, Marauder x3, Barracks Reactor  
  172  12:19  Barracks Tech Lab, Marine x4  
  172  12:20  Marine x4  
  170  12:34  Medivac x2  
  174  12:37  Factory Tech Lab, Marine x3  
  174  12:38  Siege Tank  
  174  12:39  Marauder  
  174  12:40  Marauder x4, Marine  
  174  12:41  Marine x4  
  195  12:55  Marine x3  
  198  12:58  Marine  
  176  13:35  Marauder x5, Marine  
  176  13:36  Marine x8  
  176  13:37  Marine  
  176  13:38  Siege Tank  
  198  13:53  Marine  
  198  13:54  Marine  
Tags
 
Add a new tag
Caveats
  • Supply blocks, unpowered buildings, or Contaminate may cause inaccurate times.
  • Supply counts are checked every 10 seconds.